 Dungeon Crawl Stone Soup version 0.25-a0-1079-g858b6a6ff6 (webtiles) character file.

Game seed: 9395031762615355660, levelgen mode: classic

9898 Amnesiac the Archer (level 11, -4/64 HPs)
             Began as a Deep Elf Fighter on May 15, 2020.
             Was a Priest of Okawaru.
             Slain by an ogre
             ... wielding a +0 giant club
              (15 damage)
             ... on level 1 of the Orcish Mines.
             The game lasted 00:31:51 (10277 turns).

Amnesiac the Archer (Deep Elf Fighter)             Turns: 10277, Time: 00:31:52

Health: -4/64      AC: 22    Str: 16    XL:     11   Next: 29%
Magic:  17/17      EV:  9    Int: 14    God:    Okawaru [***...]
Gold:   546        SH: 13    Dex: 14    Spells: 10/10 levels left

rFire    + . .     SeeInvis +   a - +2 short sword (elec)
rCold    . . .     Gourm    .   c - +0 kite shield
rNeg     + . .     Faith    .   P - +3 chain mail {rF+}
rPois    .         Spirit   .   s - +2 helmet
rElec    .         Reflect  +   h - +2 cloak {MR+}
rCorr    .         Harm     .   r - +2 pair of gloves
MR       ++...                  (no boots)
Stlth    ..........             S - amulet of reflection
HPRegen  0.20/turn              L - ring of see invisible
MPRegen  0.15/turn              R - ring of positive energy

@: no status effects
A: no striking features
a: Heroism, Renounce Religion


You were on level 1 of the Orcish Mines.
You worshipped Okawaru.
Okawaru was most pleased with you.
You were hungry.

You visited 3 branches of the dungeon, and saw 11 of its levels.
You also visited: Sewer and Ossuary.

You collected 615 gold pieces.
You spent 69 gold pieces at shops.

Inventory:

Hand Weapons
 a - a +2 short sword of electrocution (weapon)
 b - a +0 shortbow
 i - a +3 quarterstaff of chaos
 K - a +0 morningstar of draining
 M - a +0 hunting sling
Missiles
 k - 267 stones
 t - 94 sling bullets
 x - 24 poisoned darts (quivered)
 y - 25 boomerangs
 A - 7 atropa-tipped darts
 B - 170 arrows
 I - 3 curare-tipped darts
 J - 2 javelins
Armour
 c - a +0 kite shield (worn)
 h - a +2 cloak of magic resistance (worn)
 m - a +0 plate armour of magic resistance
 r - a +2 pair of gloves (worn)
 s - a +2 helmet (worn)
 u - a +0 troll leather armour
 O - the +0 chain mail of Awe {rElec rN++ rCorr Int-2}
   (You found it on level 4 of the Dungeon)

   It affects your intelligence (-2).
   It insulates you from electricity.
   It greatly protects you from negative energy.
   It provides partial protection from all sources of acid and corrosion.
 P - a +3 chain mail of fire resistance (worn)
Jewellery
 v - an uncursed amulet of the acrobat
 L - a ring of see invisible (left hand)
 R - a ring of positive energy (right hand)
 S - an amulet of reflection (around neck)
 W - an uncursed ring of wizardry
Wands
 l - a wand of flame (24)
 w - a wand of digging (2)
 H - a wand of iceblast (6)
Scrolls
 e - 5 scrolls of immolation {!r}
 g - 4 scrolls of fear {!r}
 j - 2 scrolls of enchant weapon {!r}
 p - 4 scrolls of identify {!r}
 C - 4 scrolls of remove curse {!r}
 E - 3 scrolls of fog {!r}
 F - 4 scrolls of teleportation {!r}
 G - 2 scrolls of blinking {!r}
 N - 2 scrolls of magic mapping {!r}
 V - a scroll of enchant armour {!r}
Potions
 d - 3 potions of might {!q}
 n - 4 potions of flight {!q}
 z - 3 potions of lignification {!q}
 D - 3 potions of brilliance {!q}
 Q - a potion of cancellation {!q}
 U - a potion of haste {!q}
Comestibles
 f - 16 rations


   Skills:
 - Level 5.2 Fighting
   Level 2.0 Axes
 * Level 12.4 Bows
 - Level 5.2 Armour
 - Level 10.1 Dodging
 - Level 2.5 Shields
 + Level 5.6 Invocations
 - Level 4.0 Evocations


You had 10 spell levels left.
You didn't know any spells.
Your spell library contained the following spells:

 Spells                   Type           Power        Failure   Level  Hunger
 Shock                    Conj/Air       #...         100%        1    ##.....
 Swiftness                Chrm/Air       #.......     100%        2    ###....
 Static Discharge         Conj/Air       #.......     100%        3    ####...
 Airstrike                Air            #.........   100%        4    #####..
 Lightning Bolt           Conj/Air       #.........   100%        5    ######.


Dungeon Overview and Level Annotations

Branches:
Dungeon (9/15)             Temple (1/1) D:7             Orc (1/2) D:9
  Sewer (visited)         Ossuary (visited)
   Lair: D:8-11

Altars:
Ashenzari
Cheibriados
Dithmenos
Elyvilon
Fedhas
Gozag
Hepliaklqana
Kikubaaqudgha
Makhleb
Nemelex Xobeh
Okawaru
Qazlal
Ru
Sif Muna
Trog
Uskayaw
Vehumet
Wu Jian
Xom
Yredelemnul
Zin
The Shining One
Beogh

Shops:
D:5 (   D:8 }

Portals:
Ice
Cave: Orc:1


Message History

You block the rime drake's attack.
You barely miss the rime drake.
The rime drake is moderately wounded.
The rime drake bites you but does no damage.
You are feeling hungry.
You closely miss the rime drake.
The rime drake is moderately wounded.
The rime drake bites you but does no damage.
Your shield prevents you from hitting the rime drake.
The rime drake is moderately wounded.
The rime drake barely misses you. The rime drake breathes ice at you.
The flash freeze hits you!!
* * * LOW HITPOINT WARNING * * *
You are encased in ice.
You hit the rime drake.
The rime drake is moderately wounded.
You block the rime drake's attack.
Really quaff
q - 2 potions of curing {!q}?
You feel better.
The rime drake bites you but does no damage.
You block the rime drake's attack.
Okay, then.
Really quaff
q - a potion of curing {!q}?
You feel better. You block the rime drake's attack.
Evoke which item? (* to show all) (? for menu, Esc to quit)
Okay, then.
Evoke which item? (* to show all) (? for menu, Esc to quit)
Aiming: Dig
Press: ? - help, Shift-Dir - straight line You can't see that place. [some deep water.]
The rock shatters into small pieces.
The ice encasing you melts away. You block the rime drake's attack.
You block the rime drake's attack.
The orc priest casts a cantrip, but nothing happens.
The rime drake barely misses you.
The orc priest looks satisfied for a moment.
Found 24 gold pieces.
Found a frozen archway.
The rime drake breathes ice at you. The flash freeze hits you!
* * * LOW HITPOINT WARNING * * *
You are encased in ice.
Unknown command.
Evoke which item? (* to show all) (? for menu, Esc to quit)
Okay, then.
Really read
g - 5 scrolls of fear {!r}?
As you read the scroll of fear {!r}, it crumbles to dust.
You assume a fearsome visage.
The rime drake looks frightened!
The orc sorcerer looks frightened!
The ogre looks frightened!
The orc warrior looks frightened!
The orc wizard looks frightened!
The ogre looks frightened!
The orc wizard looks frightened!
The orc looks frightened!
The ogre howls in fear.
The orc wizard gestures wildly while chanting.
The orc wizard blinks!
An ogre comes into view. It is wielding a +0 giant club.
The ice encasing you melts away.
The ogre shouts!
You hear the faint crackling of a melting archway.
The ogre hits you with a +0 giant club!
You die...

o(..#...#..........****
.o.....#...#....#..,,,**
......###..#.....#.,,,,**
......#...........#,,,,,*
...#(..........#...,,,,,**
..#...OOo#....#..≈≈≈≈≈,,,*
........o)).....#####≈,,,*
.......oo...#..O...∩#≈,,,**
........o)o###≈.@..$#≈,,,,**
<..##....##)##..≈...#≈,*,,,*
..##.....#....#≈#≈..#,,,,,**
.###.....#o.####≈#.....,,**
##*.........#* *#.≈.....,*
**,..........** *###....**
.**.......$...* *#.##*
##**####..##.## *## #
###**##


You could see an orc sorcerer (fleeing) and an ogre.

Vanquished Creatures
  2 two-headed ogres
  A rime drake (Orc:1)
  2 hornets
  A hippogriff (D:7)
  Prince Ribbit (D:6)
  A yak (D:8)
  Menkaure (D:7)
  2 phantoms
  Duvessa (D:7)
  10 orc warriors
  6 ice beasts
  A sky beast (D:9)
  2 black bears
  9 ogres
  Purgy (Sewer)
  2 centaurs
  Blork the orc (D:6)
  3 big kobolds
  4 elf zombies (Ossuary)
  4 bullfrogs
  A water moccasin zombie (D:5)
  Dowan (D:7)
  A wyvern skeleton (D:9)
  4 scorpions
  10 killer bees
  10 wights
  4 howler monkeys
  2 crimson imps
  A bullfrog zombie (D:9)
  Crazy Yiuf (D:4)
  3 centaur zombies
  6 human zombies (Ossuary)
  2 jellies
  A bullfrog skeleton (D:9)
  14 orc priests
  A centaur skeleton (D:7)
  A hound (D:7)
  An iguana (D:9)
  9 orc wizards
  7 worker ants
  2 centaur simulacra (D:8)
  3 mummies (Ossuary)
  A worker ant zombie (D:7)
  4 gnolls (D:4)
  14 adders
  A shadow imp (D:7)
  A white imp (D:8)
  An ooze (D:2)
  3 adder skeletons
  3 worms
  3 dart slugs
  4 leopard geckos
  59 orcs
  9 giant cockroaches
  4 goblins
  10 hobgoblins
  10 jackals
  3 quokkas
  2 ball pythons
  8 bats
  8 frilled lizards
  A jackal skeleton (D:4)
  A jackal zombie (D:6)
  22 kobolds
  A leopard gecko simulacrum (D:8)
  12 rats
325 creatures vanquished.

Notes
Turn   | Place    | Note
-------+----------+-------------------------------------------
     0 | D:1      | Amnesiac the Deep Elf Fighter began the quest for the Orb.
     0 | D:1      | Reached XP level 1. HP: 13/13 MP: 3/3
   362 | D:1      | Reached XP level 2. HP: 12/18 MP: 4/4
   473 | D:1      | Reached skill level 1 in Dodging
   899 | D:2      | Reached XP level 3. HP: 22/22 MP: 5/5
  1372 | D:2      | Reached XP level 4. HP: 16/28 MP: 6/6
  1839 | D:3      | Found a glowing drain.
  1875 | Sewer    | Entered a sewer
  1987 | Sewer    | Noticed Purgy
  2109 | Sewer    | Killed Purgy
  2109 | Sewer    | Reached XP level 5. HP: 32/32 MP: 7/7
  2537 | D:3      | Reached XP level 6. HP: 22/38 MP: 8/8
  2605 | D:3      | Noticed an orc warrior
  2648 | D:3      | Killed an orc warrior
  3280 | D:4      | Noticed an orc warrior
  3346 | D:4      | Killed an orc warrior
  3346 | D:4      | Reached XP level 7. HP: 42/43 MP: 9/9
  3390 | D:4      | Reached skill level 5 in Dodging
  3757 | D:4      | Got a faintly glowing chain mail
  3768 | D:4      | Identified the cursed +0 chain mail of Awe {rElec rN++
                  | rCorr Int-2} (You found it on level 4 of the Dungeon)
  3781 | D:4      | Found a runed translucent door.
  3781 | D:4      | Noticed Crazy Yiuf
  3787 | D:4      | Killed Crazy Yiuf
  3897 | D:5      | Entered Level 5 of the Dungeon
  4268 | D:5      | Reached skill level 5 in Fighting
  4268 | D:5      | Reached skill level 5 in Armour
  4268 | D:5      | Reached XP level 8. HP: 49/49 MP: 10/10
  4612 | D:5      | Found Tasaun's Antique Weapon Emporium.
  4621 | D:5      | Bought a shortbow for 69 gold pieces
  4635 | D:5      | Reached skill level 1 in Bows
  4656 | D:5      | Reached skill level 2 in Bows
  4960 | D:6      | Reached skill level 3 in Bows
  5028 | D:6      | Found a sand-covered staircase.
  5088 | D:7      | Noticed a hippogriff
  5125 | D:6      | Noticed Prince Ribbit
  5162 | D:6      | Killed Prince Ribbit
  5162 | D:6      | Reached skill level 4 in Bows
  5187 | D:6      | Reached skill level 5 in Bows
  5225 | D:7      | Noticed Dowan
  5291 | Ossuary  | Entered an ossuary
  5484 | Ossuary  | Reached XP level 9. HP: 38/54 MP: 11/11
  5565 | Ossuary  | Reached skill level 6 in Bows
  5864 | D:6      | Noticed Blork the orc
  5880 | D:6      | Killed Blork the orc
  5880 | D:6      | Reached skill level 7 in Bows
  6306 | D:7      | Reached skill level 8 in Bows
  6338 | D:7      | Noticed Duvessa
  6359 | D:7      | Killed Duvessa
  6362 | D:7      | Killed Dowan
  6599 | D:7      | Reached skill level 9 in Bows
  6876 | D:7      | Reached XP level 10. HP: 59/59 MP: 12/12
  6920 | D:7      | Noticed Menkaure
  6941 | D:7      | Killed Menkaure
  6941 | D:7      | Reached skill level 10 in Dodging
  6964 | D:7      | Found a staircase to the Ecumenical Temple.
  7361 | Temple   | Entered the Ecumenical Temple
  7639 | Temple   | Became a worshipper of Warmaster Okawaru
  7793 | D:8      | Reached skill level 10 in Bows
  7905 | D:8      | Noticed a two-headed ogre
  7975 | D:8      | Killed a two-headed ogre
  7975 | D:8      | Reached * piety under Okawaru
  7975 | D:8      | Reached skill level 1 in Evocations
  8285 | D:8      | Found Voax's Gadget Boutique.
  8664 | D:9      | Found a roughly hewn altar of Beogh.
  8709 | D:9      | Reached skill level 11 in Bows
  8764 | D:9      | Noticed a two-headed ogre
  8797 | D:9      | Killed a two-headed ogre
  8797 | D:9      | Reached ** piety under Okawaru
  8966 | D:9      | Reached XP level 11. HP: 32/64 MP: 16/16
  9165 | D:9      | Reached *** piety under Okawaru
  9174 | D:9      | Reached skill level 12 in Bows
  9240 | D:9      | Reached skill level 5 in Invocations
  9277 | D:9      | Found a staircase to the Orcish Mines.
  9776 | D:9      | Paralysed by a hornet for 2 turns
  9872 | D:9      | Found a shadowy altar of Dithmenos.
 10071 | Orc:1    | Entered Level 1 of the Orcish Mines
 10211 | Orc:1    | Noticed an orc sorcerer
 10272 | Orc:1    | Found a frozen archway.
 10277 | Orc:1    | Slain by an ogre

Illustrated notes

Levels and vault maps discovered:
D:1:      tarquinn_simple_flora_water_f, layout_rooms, minmay_shallow_snake_nest
D:2:      layout_loops_ring
D:3:      layout_basic, cheibrodos_sewer_entry_bend, dk_noncrumbling_2
D:4:      layout_basic, first_ration, uniq_crazy_yiuf_cottage
D:5:      layout_basic, serial_shops, shop
D:6:      layout_cave_pools, lightli_ossuary_entry_decrepit_ruins,
          uniq_blork_the_orc, uniq_prince_ribbit1
D:7:      layout_basic, temple_statues, uniq_menkaure, uniq_duvessa
D:8:      layout_loops_ring, serial_shops, shop, serial_ice, serial_ice_d,
          serial_ice_g, serial_ice_l, serial_ice_n, serial_ice_f,
          blue_anna_alchemist [blue_anna_fruit_fields, blue_anna_fruit_fields]
D:9:      layout_roguey [special_room_orc], marbit_many_paths, erik_orc_4
Temple:   regret_index_temple_sigil_plot
Orc:1:    layout_caves, portal_ice_cave_rime, lightli_church_of_beogh

Skill      XL: |  1  2  3  4  5  6  7  8  9 10 11 |
---------------+----------------------------------+-----
Axes           | 2 |  2.0
Dodging        | 1 2 3 4 6 8 9 10 | 10.1
Fighting       | 3 4 5 |  5.2
Armour         | 3 4 5 |  5.2
Bows           | 5 9 11 12 | 12.4
Invocations    | 4 5 |  5.6
Evocations     | 4 |  4.0
Shields        | |  2.5

Action                   |  1- 3 |  4- 6 |  7- 9 | 10-12 || total
-------------------------+-------+-------+-------+-------++-------
Melee: War axe           |    51 |       |       |       ||    51
       Dagger            |       |     4 |   299 |    82 ||   385
       Trident           |       |       |   302 |       ||   302
       Short sword       |       |       |       |   474 ||   474
       Morningstar       |       |       |       |    37 ||    37
 Fire: Hunting sling     |   145 |   228 |    66 |       ||   439
Throw: Dart              |       |    43 |   134 |    80 ||   257
       Javelin           |       |     4 |       |       ||     4
       Throwing net      |       |       |     1 |     1 ||     2
       Stone             |       |       |       |    19 ||    19
Invok: Heroism           |       |       |       |     1 ||     1
Evoke: Wand              |       |       |       |     6 ||     6
  Use: Scroll            |       |       |    22 |     4 ||    26
       Potion            |       |       |     1 |     7 ||     8
  Eat: Chunk             |     1 |     6 |    10 |    12 ||    29
       Ration            |       |       |     1 |       ||     1
Armor: Scale mail        |    36 |       |       |       ||    36
       Troll leather arm |    31 |    31 |    44 |   113 ||   219
       Chain mail        |       |       |   204 |    19 ||   223
Dodge: Dodged            |    48 |    42 |   184 |   320 ||   594
Block: Kite shield       |    82 |    46 |   297 |   457 ||   882
       Reflection        |       |       |     1 |    10 ||    11

Table legend:
 A = Non-vault XP
 B = Vault XP
 C = Vault XP percentage of total XP
 D = Non-vault monster count
 E = Vault monster count
 F = Vault count percentage of total count
                 A         B        C        D         E       F
            +---------+---------+-------+---------+---------+-------
      Total |   10249 |    3892 |  27.5 |     245 |      80 |  24.6
            +---------+---------+-------+---------+---------+-------
        D:1 |      39 |       1 |   2.5 |      23 |       1 |   4.2
        D:2 |      85 |       0 |   0.0 |      28 |       0 |   0.0
        D:3 |     318 |       5 |   1.5 |      37 |       1 |   2.6
        D:4 |     510 |      44 |   7.9 |      26 |       1 |   3.7
        D:5 |     850 |       0 |   0.0 |      16 |       0 |   0.0
        D:6 |     534 |     351 |  39.7 |      20 |       2 |   9.1
        D:7 |    2382 |     380 |  13.8 |      32 |       3 |   8.6
        D:8 |    1511 |     619 |  29.1 |      13 |       8 |  38.1
        D:9 |    3660 |    1225 |  25.1 |      45 |      42 |  48.3
      Orc:1 |     360 |     351 |  49.4 |       5 |       1 |  16.7
      Sewer |       0 |     127 | 100.0 |       0 |       6 | 100.0
    Ossuary |       0 |     789 | 100.0 |       0 |      15 | 100.0
            +---------+---------+-------+---------+---------+-------
